 Dungeon Crawl Stone Soup version 0.17-a0-702-gb3a3556 (webtiles) character file.

47 xeno23 the Skirmisher (level 3, -5/29 HPs)
             Began as a Demonspawn Abyssal Knight on Apr 19, 2015.
             Was a Follower of Lugonu.
             Slain by Sigmund
             ... wielding a +0 scythe
              (11 damage)
             ... on level 2 of the Dungeon.
             The game lasted 00:06:56 (2616 turns).

xeno23 the Skirmisher (Demonspawn Abyssal Knight)   Turns: 2616, Time: 00:06:57

Health: -5/29      AC:  3    Str: 13    XL:     3   Next: 48%
Magic:  5/5        EV: 11    Int: 13    God:    Lugonu [*.....]
Gold:   97         SH:  0    Dex: 12    Spells: 0 memorised, 2 levels left

rFire  . . .     SeeInvis .     a - +1 falchion
rCold  . . .     Clarity  .     b - +0 leather armour
rNeg   . . .     SustAb   .     (no shield)
rPois  .         Gourm    .     (helmet restricted)
rElec  .         Spirit   .     (no cloak)
rCorr  .         Warding  .     (no gloves)
rMut   .         Stasis   .     (no boots)
MR     .....                    (no amulet)
Stlth  +.........               (no ring)
                                (no ring)

@: confused, not resistant to hostile enchantments, very unstealthy
A: antennae 1, claws 1
a: Depart the Abyss, Renounce Religion


You were on level 2 of the Dungeon.
You worshipped Lugonu.
Lugonu was aware of your devotion.
You were hungry.

You visited 1 branch of the dungeon, and saw 3 of its levels.
You visited the Abyss 1 time.

You collected 97 gold pieces.

Inventory:

Hand weapons
 a - a +1 falchion (weapon)
 k - a +1 vampiric dagger
Missiles
 e - 33 poisoned needles
 l - 9 sling bullets
Armour
 b - a +0 leather armour (worn)
Scrolls
 f - a scroll of teleportation {unknown}
 h - 3 scrolls of identify {unknown}
 j - 2 scrolls of enchant armour {unknown}
Potions
 g - a potion of cancellation {unknown}
 i - a potion of curing {unknown}
Comestibles
 c - 2 bread rations
 d - a royal jelly


   Skills:
 + Level 3.5 Fighting
 + Level 2.1 Long Blades
 + Level 2.1 Armour
 + Level 1.7 Dodging
 + Level 2.7 Invocations


You had 2 spell levels left.
You didn't know any spells.

Dungeon Overview and Level Annotations

Branches:
Dungeon (3/15)

Altars:
Nemelex Xobeh

Annotations:
D:2 Sigmund


Innate Abilities, Weirdness & Mutations

You have a pair of small antennae on your head.
You have sharp fingernails.


Message History

There is an open door here.
The bat barely misses you. The bat hits you but does no damage.
The bat hits you.
You take 1 damage.
The bat closely misses you. The bat hits you.
You are confused.
You take 1 damage.
You're too confused to move!
The bat closely misses you. The kobold hits you with a whip.
* * * LOW HITPOINT WARNING * * *
Something tries to affect you, but you resist.
You take 4 damage.
The bat closely misses you. The kobold hits you but does no damage.
The bat barely misses you.
Drink which item? (? for menu, Esc to quit)
Okay, then.
The bat hits you but does no damage. Something hits you!
You die...

######## ###### #......# ##
#..... #......# ... #.####
#......########.... #.#
#+####......#.$.........####.####
.....'......'...........'.....>..
..##'#......#...........#...K#.##
............#...@.......#....#..>
............#<.{K..?.......K.#..#
............#....b...........#...
......#######..............#.##.#
####'## .......................
#.# ###########...#....##.#
####.### #...#........ .......#
#...#...#.##. .......#
#...+........


You could see a bat and a kobold.

Vanquished Creatures
  An adder (D:3)
  A worm (D:2)
  A giant gecko (D:2)
  2 giant cockroaches (D:1)
  2 goblins
  3 hobgoblins
  5 jackals
  6 kobolds
  4 bats
  2 giant newts (D:3)
  A quokka (D:2)
  6 rats
34 creatures vanquished.

Notes
Turn   | Place    | Note
--------------------------------------------------------------
     0 | Abyss:1  | xeno23, the Demonspawn Abyssal Knight, began the quest for the Orb.
     0 | Abyss:1  | Reached XP level 1. HP: 18/18 MP: 2/2
    39 | Abyss:1  | Noticed a wandering mushroom
    56 | Abyss:1  | Noticed an iron imp
    87 | Abyss:1  | Noticed a starcursed mass
    87 | D:1      | Escaped the Abyss
   465 | D:1      | Reached skill level 1 in Dodging
   975 | D:1      | Gained mutation: You have a pair of small antennae on your head. [demonic ancestry]
   975 | D:1      | Reached XP level 2. HP: 21/24 MP: 3/3
  1374 | D:1      | Acquired Lugonu's first power
  1701 | D:2      | Noticed Sigmund
  1779 | D:3      | Gained mutation: You have sharp fingernails. [demonic ancestry]
  1779 | D:3      | Reached XP level 3. HP: 18/29 MP: 5/5
  2288 | D:3      | Found a sparkling altar of Nemelex Xobeh.
  2297 | D:3      | Noticed a scorpion
  2616 | D:2      | Slain by Sigmund

Action                   || total
-------------------------++-------
Melee: Falchion          ||   136
Invok: Depart the Abyss  ||     1
  Eat: Chunk             ||     5
